 Dungeon Crawl Stone Soup version 0.21.1-1-g345015fe64 (webtiles) character file.

480552 Lavandula the Severer (level 23, -7/195 HPs)
             Began as a Deep Dwarf Transmuter on May 29, 2018.
             Was the Champion of Makhleb.
             Mangled by a reaper
             ... wielding a +1 scythe of freezing
              (19 damage)
             ... on level 7 of a ziggurat on May 30, 2018.
             The game lasted 04:11:09 (23402 turns).

Lavandula the Severer (Deep Dwarf Transmuter)      Turns: 23402, Time: 04:11:09

Health: -7/195     AC: 14    Str: 19    XL:     23   Next: 8%
Magic:  20/26      EV: 15    Int: 22    God:    Makhleb [******]
Gold:   2673       SH:  0    Dex: 13    Spells: 4/48 levels left

rFire    + + +     SeeInvis .   W - +7 battleaxe of Bloody Death {holy, rC+}
rCold    + . .     Gourm    .   (shield currently unavailable)
rNeg     + . .     Faith    .   i - +8 fire dragon scales {Xtahua}
rPois    +         Spirit   .   O - +2 hat
rElec    .         Reflect  .   n - scarf {rC+ rF+}
rCorr    +         Harm     .   J - +2 pair of gloves {Str+3}
MR       ++++.                  a - +2 pair of boots {Stlth+}
Stlth    +++.......             P - amulet of magic regeneration
HPRegen  0.00/turn              N - ring of resist corrosion
MPRegen  0.45/turn              s - ring "Bijes" {rPois AC+5}

@: about to teleport, corroded, very slightly contaminated, non-regenerating,
slowed, very slow
A: damage resistance, heal wounds, iridescent scales 1, rugged brown scales 1,
deformed body, frail 1, magic resistance 1, negative energy resistance 1, sense
surroundings 3, shaggy fur 1, MP-powered wands, no regeneration
}: 4/15 runes: decaying, serpentine, slimy, silver
a: Heal Wounds, Minor Destruction, Lesser Servant of Makhleb, Major Destruction,
Greater Servant of Makhleb, Renounce Religion


You were on level 7 of a ziggurat.
You worshipped Makhleb.
Makhleb was exalted by your worship.
You were near starving.

You visited 10 branches of the dungeon, and saw 47 of its levels.
You visited 1 ziggurat, and saw 7 of its levels.
You also visited: Ossuary, Ice Cave and Volcano.

You collected 4681 gold pieces.
You spent 2008 gold pieces at shops.

Inventory:

Hand Weapons
 x - a +6 executioner's axe of chopping
 R - a +9 battleaxe of electrocution
 W - the +7 battleaxe of Bloody Death (weapon) {holy, rC+}
   (You found it on level 3 of the Crypt)

   It has been blessed by the Shining One to cause great damage to the undead
   and demons.
   It protects you from cold.
Missiles
 Z - 5 javelins (quivered)
Armour
 a - a +2 pair of boots of stealth (worn)
 i - +8 fire dragon scales (worn) {Xtahua}
 n - a scarf of resistance (worn)
 J - a +2 pair of gloves of strength (worn)
 O - a +2 hat (worn)
Magical Staves
 o - an uncursed staff of wizardry
Jewellery
 b - the ring of the Enemy {+Blink rElec rC+++ rN+ Int+4 Stlth-}
   (You found it on level 3 of the Crypt)

   [ring of positive energy]

   It affects your intelligence (+4).
   It renders you almost immune to cold.
   It insulates you from electricity.
   It protects you from negative energy.
   It lets you blink.
   It makes you less stealthy.
 s - the ring "Bijes" (right hand) {rPois AC+5}
   (You found it on level 5 of the Dungeon)

   [ring of protection]

   It affects your AC (+5).
   It protects you from poison.
 v - the ring of Xom's Passing Interest {-Tele rF++ rN+ MR++}
   (You bought it in a shop on level 2 of the Orcish Mines)

   [ring of positive energy]

   It greatly protects you from fire.
   It protects you from negative energy.
   It affects your resistance to hostile enchantments.
   It prevents most forms of teleportation.
 G - a +3 ring of slaying
 N - a ring of resist corrosion (left hand)
 P - an amulet of magic regeneration (around neck)
Wands
 e - a wand of enslavement (15)
 r - a wand of polymorph (18)
 t - a wand of flame (95)
 y - a wand of digging (27)
 E - a wand of iceblast (38)
 I - a wand of scattershot (6)
 Q - a wand of disintegration (7)
Scrolls
 h - 4 scrolls of fear
 j - 17 scrolls of teleportation
 q - 4 scrolls of vulnerability
 w - 5 scrolls of fog
 B - 5 scrolls of magic mapping
 D - a scroll of torment
 T - 7 scrolls of remove curse
 U - a scroll of summoning
Potions
 f - 3 potions of brilliance
 g - a potion of ambrosia
 k - 2 potions of magic
 p - 2 potions of agility
 u - a potion of cancellation
 z - 10 potions of lignification
 L - 5 potions of haste
 X - 6 potions of resistance
 Y - 6 potions of curing
Books
 C - a Necronomicon

   Spells                             Type                      Level
   a - Haunt                          Necromancy/Summoning         7
   b - Borgnjor's Revivification      Necromancy                   8
   c - Death's Door                   Charms/Necromancy            8
   d - Infestation                    Necromancy                   8
   e - Necromutation                  Transmutation/Necromancy     8
 F - a book of the Warp

   Spells                             Type                      Level
   a - Gell's Gravitas                Translocation                3
   b - Portal Projectile              Hexes/Translocation          3
   c - Force Lance                    Conjuration/Translocation    4
   d - Dispersal                      Translocation                6
   e - Controlled Blink               Translocation                8
   f - Disjunction                    Translocation                8
 H - a book of Power

   Spells                             Type                      Level
   a - Iskenderun's Battlesphere      Conjuration/Charms           5
   b - Venom Bolt                     Conjuration/Poison           5
   c - Bolt of Magma                  Conjuration/Fire/Earth       5
   d - Iron Shot                      Conjuration/Earth            6
   e - Orb of Destruction             Conjuration                  7
   f - Spellforged Servitor           Conjuration/Summoning        7
 K - a Grand Grimoire

   Spells                             Type                      Level
   a - Monstrous Menagerie            Summoning                    7
   b - Summon Greater Demon           Summoning                    7
   c - Malign Gateway                 Summoning/Translocation      7
   d - Summon Horrible Things         Summoning                    8
Miscellaneous
 c - a box of beasts
 l - a phial of floods
 A - a lightning rod (4/4)
 M - a lamp of fire
 V - 2 phantom mirrors
Comestibles
 d - 56 rations
 S - 7 chunks of flesh


   Skills:
 - Level 13.0 Fighting
 - Level 20.1 Axes
 - Level 12.0 Armour
 - Level 11.0 Dodging
 + Level 7.6 Stealth
 - Level 10.0 Unarmed Combat
 - Level 13.4 Spellcasting
 - Level 6.3 Conjurations
 - Level 3.1 Hexes
 - Level 3.1 Charms
 - Level 8.4 Summonings
 - Level 9.8 Necromancy
 - Level 6.2 Translocations
 - Level 11.6 Transmutations
 - Level 5.9 Air Magic
 - Level 15.0 Earth Magic
 - Level 7.3 Invocations
 - Level 16.1 Evocations


You had 4 spell levels left.
You knew the following spells:

 Your Spells              Type           Power        Failure   Level  Hunger
a - Spellforged Servitor  Conj/Summ      #####.....   99%         7    ######.
b - Blink                 Tloc           N/A          1%          2    None
c - Statue Form           Tmut/Erth      ######...    8%          6    #####..
d - Passage of Golubria   Tloc           N/A          9%          4    None
e - Iron Shot             Conj/Erth      ######....   22%         6    #####..
g - Borgnjor's Vile Clut  Necr/Erth      ######....   1%          5    ###....
h - Summon Lightning Spi  Summ/Air       #####...     6%          4    None
i - Spectral Weapon       Hex/Chrm       ####....     10%         3    None
j - Shroud of Golubria    Chrm/Tloc      #####.....   2%          2    None
k - Irradiate             Conj/Tmut      ######....   8%          5    ###....


Dungeon Overview and Level Annotations

Branches:
Dungeon (15/15)            Temple (1/1) D:5            Lair (6/6) D:10
  Swamp (4/4) Lair:2        Snake (4/4) Lair:2        Slime (5/5) Lair:5
    Orc (2/2) D:11            Elf (0/3) Orc:2        Vaults (5/5) D:13
  Crypt (3/3) Vaults:3       Tomb (0/3) Crypt:3      Depths (2/5) D:15

Altars:
Ashenzari
Cheibriados
Dithmenos
Fedhas
Gozag
Hepliaklqana
Kikubaaqudgha
Makhleb
Nemelex Xobeh
Okawaru
Qazlal
Ru
Sif Muna
Trog
Uskayaw
Vehumet
Wu Jian
Xom
Yredelemnul
Zin
The Shining One
Beogh
Jiyva

Shops:
D:15 [[(   Orc:2 (([=   Snake:3 [   Vaults:3 (   Vaults:5 =

Portals:
Hell: Depths:2
Pandemonium: Depths:2

Annotations:
D:3 Sigmund; Wabnappa's ghost, amateur DsGl
Lair:6 Lavandula's ghost, journeyman DDTm
Orc:2 Rupert


Innate Abilities, Weirdness & Mutations

You are resistant to damage.
You can heal yourself by infusing magical energy.
You resist negative energy. (rN+)
You passively map a large area around you.
You do not regenerate.
You are partially covered in iridescent scales. (AC +2)
You are partially covered in rugged brown scales. (AC +1, +3% HP)
Armour fits poorly on your strangely shaped body.
You are frail. (-10% HP)
You are resistant to hostile enchantments. (MR+)
You are covered in fur. (AC +1)
You expend magic power (3 MP) to strengthen your wands.


Message History

You feel stronger.
You feel stealthy.
The reaper says, "Everyone has to die sometime, and your time is now."
The reaper smiles without lips.
You feel much better.
The reaper shouts, "Die, Lavandula!"
Unknown command.
As you read the scroll of teleportation, it crumbles to dust.
You feel strangely unstable.
The reaper hits you from afar with a scythe of protection!!
* * * LOW HITPOINT WARNING * * *
Something hits you!
* * * LOW HITPOINT WARNING * * *
Unknown command.
You feel much better. Something hits you!
* * * LOW HITPOINT WARNING * * *
The reaper hits you from afar with a scythe of protection!!
* * * LOW HITPOINT WARNING * * *
The reaper hits you from afar with a scythe of freezing!!
You die...

▓▓ ▓▓▓▓▓.▓▓▓▓▓
▓▓.........▓▓
▓▓...........▓▓
▓▓.............▓
▓...............
▓.......P§§.....
▓▓......P...§§?∩)
▓.@∩2....[§§..|>[,*
▓▓..2...)..2...∩.
▓......).)......
▓.........2.....
▓▓.............▓*
▓▓...........▓▓
▓▓.........▓▓
▓▓▓▓▓.▓▓▓▓▓ ▓▓▓


You could see 2 reapers.

Vanquished Creatures
  the Royal Jelly (Slime:5)
  Dissolution (Slime:3)
  3 ancient liches
  Xtahua (Vaults:2)
  A profane servitor (Crypt:3)
  Nikola (Depths:1)
  A bone dragon (Crypt:3)
  An Ice Fiend (IceCv)
  The ghost of Gargoyl the Severer, an adept CeAK of Lugonu (Vaults:2)
  23 acid blobs
  A quicksilver dragon (Vaults:5)
  3 liches
  4 titans (Vaults:5)
  Gastronok (D:8)
  6 tengu reavers
  4 ancient champions
  2 sphinxes
  3 thorn hunters (Swamp:4)
  5 shadow dragons
  4 fire giants (Vaults:5)
  A revenant (Crypt:3)
  9 nagarajas
  9 azure jellies (Slime:5)
  6 frost giants
  11 vault wardens
  4 deep elf sorcerers
  A curse skull (Crypt:2)
  A deep elf elementalist (Vaults:5)
  An orc warlord (Orc:2)
  11 ironheart preservers
  A reaper (Zig:6)
  2 ghouls
  3 war gargoyles (Vaults:5)
  2 entropy weavers (Lair:4)
  9 very ugly things
  13 stone giants
  5 vampire knights
  A stone giant (shapeshifter) (Vaults:5)
  4 deep elf demonologists
  2 dire elephants (Zig:4)
  3 deep elf annihilators
  Snorg (Orc:2)
  A blizzard demon (Depths:2)
  An eidolon (Crypt:1)
  3 deep elf death magi
  2 crystal guardians
  4 ettins
  6 fire dragons
  A deep elf high priest (Vaults:5)
  8 great orbs of eyes
  13 yaktaur captains
  4 death oozes
  14 jiangshi (Crypt:3)
  13 ogre magi
  The ghost of P0WERM0DE the Cleaver, a journeyman DDFi of Makhleb (D:12)
  Harold (Lair:3)
  18 hydras
  A rakshasa (Vaults:1)
  26 vault guards
  9 naga warriors
  A ghost crab (Swamp:4)
  2 catoblepae (Lair:4)
  3 ice dragons
  5 death knights
  2 alligators
  8 centaur warriors
  2 deep troll shamans
  4 anacondas
  A queen ant (Lair:4)
  A satyr (shapeshifter) (Vaults:5)
  37 two-headed ogres
  2 deep troll earth magi
  9 death yaks
  4 vampire magi
  4 naga sharpshooters
  A shock serpent (Snake:1)
  2 orc high priests
  3 deep elf knights
  A soul eater (Zig:7)
  3 shadow wraiths (Crypt:3)
  8 hell knights
  An iron troll (Depths:1)
  14 skeletal warriors
  9 sea snakes (Snake:4)
  A spriggan druid (Swamp:4)
  5 deep trolls
  An unseen horror (Vaults:1)
  2 naga ritualists (Snake:3)
  2 wizards
  2 orange crystal statues (D:14)
  13 phantasmal warriors
  A golden dragon skeleton (Crypt:3)
  5 flayed ghosts
  5 shambling mangroves
  4 glowing orange brains
  A lindwurm (Lair:6)
  15 orc knights
  11 ironbrand convokers
  3 deep elf archers
  5 harpies
  4 necromancers
  A tengu zombie (Zig:5)
  Pikel (D:4)
  5 oklob plants (Zig:7)
  5 orc sorcerers
  6 swamp dragons (Swamp:4)
  An anaconda skeleton (Crypt:1)
  A tengu skeleton (Zig:6)
  An orb spider (shapeshifter) (D:12)
  17 deep elf magi
  2 stone giant zombies
  A cyclops (shapeshifter) (Vaults:4)
  2 wolf spiders (Vaults:4)
  6 mana vipers
  5 cyclopes
  3 shining eyes
  27 ugly things
  6 elephants (Lair:6)
  34 black mambas
  2 salamanders
  A fire giant skeleton (Zig:5)
  4 ice statues (IceCv)
  13 vault sentinels
  11 naga magi
  A frost giant skeleton (Crypt:1)
  5 guardian serpents (Snake:4)
  2 stone giant skeletons
  2 spriggan skeletons (Zig:5)
  A torpor snail (Zig:4)
  2 eyes of devastation
  A smoke demon (Volcano)
  3 molten gargoyles (Lair:6)
  2 kobold demonologists (D:10)
  An elephant slug zombie (Crypt:1)
  15 spiny frogs
  An efreet (D:13)
  9 freezing wraiths
  8 komodo dragons
  22 yaktaurs
  A gargoyle (D:10)
  A tengu conjurer (Depths:2)
  A yellow draconian zombie (Crypt:1)
  A golden dragon simulacrum (Crypt:3)
  5 rime drakes
  2 anaconda simulacra
  A hellwing (Depths:2)
  A harpy zombie (D:15)
  4 red devils
  10 ice devils
  A queen bee (Lair:3)
  5 trolls
  10 hornets
  18 blink frogs
  91 slime creatures
  6 bog bodies
  Grinder (D:6)
  Prince Ribbit (D:5)
  4 tyrant leeches
  5 dream sheep (Lair:5)
  A hippogriff (shapeshifter) (Vaults:4)
  An ettin zombie (Crypt:3)
  15 hippogriffs
  4 shadows
  A frost giant simulacrum (Vaults:4)
  3 dire elephant simulacra (IceCv)
  4 spriggans
  63 flying skulls
  A fire dragon skeleton (Crypt:1)
  13 wyverns
  3 water elementals (Depths:1)
  A tarantella (shapeshifter) (Depths:1)
  7 basilisks
  26 yaks
  A hungry ghost (D:9)
  10 wraiths
  3 golden eyes (Slime:3)
  A large abomination (Crypt:3)
  8 vampire mosquitoes
  An iron troll simulacrum (IceCv)
  15 wargs
  4 harpy simulacra (IceCv)
  32 nagas
  5 swamp worms
  A swamp worm (shapeshifter) (Vaults:2)
  Edmund (D:5)
  7 insubstantial wisps
  An acid dragon (Vaults:2)
  2 acid dragons (shapeshifter)
  Duvessa (D:5)
  7 hell hounds
  13 water moccasins
  5 soldier ants (Lair:4)
  11 porcupines
  A lindwurm zombie (Crypt:1)
  48 orc warriors
  12 swamp drakes
  2 black bears
  4 sky beasts
  2 ice beasts
  3 phantoms
  An ettin simulacrum (IceCv)
  4 eyes of draining
  8 necrophages
  22 ogres
  A snapping turtle zombie (Crypt:1)
  A boggart (Vaults:2)
  A centaur (shapeshifter) (Vaults:5)
  27 wolves
  16 crocodiles
  A torpor snail zombie (Crypt:1)
  9 centaurs
  A crocodile (shapeshifter) (Vaults:4)
  A human skeleton (Vaults:4)
  Blork the orc (D:6)
  3 big kobolds
  2 gnoll sergeants
  30 bullfrogs
  3 small abominations (Crypt:3)
  Dowan (D:5)
  A scorpion (D:5)
  A queen bee zombie (Crypt:1)
  29 killer bees
  13 wights
  An electric eel (Lair:2)
  3 howler monkeys
  A centaur zombie (D:6)
  7 crimson imps
  4 lava snakes (Lair:6)
  A quasit (D:7)
  6 hounds
  37 orc wizards
  6 jellies
  A bullfrog zombie (D:5)
  20 orc priests
  3 centaur skeletons
  2 bullfrog skeletons
  2 iguanas
  Natasha (twice) (D:4)
  13 worker ants
  A deep dwarf zombie (Crypt:1)
  A crocodile skeleton (Crypt:1)
  3 hound zombies
  A hound skeleton (D:8)
  A howler monkey zombie (D:6)
  A mummy (D:5)
  15 gnolls
  9 adders
  A howler monkey skeleton (D:9)
  3 shadow imps
  A white imp (Zig:6)
  An ooze (D:7)
  2 adder zombies (Ossuary)
  A worm (D:2)
  3 leopard geckos
  99 orcs
  4 giant cockroaches
  3 goblins
  3 hobgoblins
  A jackal (D:7)
  22 kobolds
  5 quokkas
  A ball python (D:2)
  4 bats
  2 frilled lizards
  A hobgoblin skeleton (Ossuary)
  A hobgoblin zombie (Ossuary)
  3 jackal skeletons
  A kobold zombie (Ossuary)
  A leopard gecko skeleton (D:6)
  2 orc zombies (Ossuary)
  4 rats
  2 plants
1732 creatures vanquished.

Vanquished Creatures (collateral kills)
  Jory (Vaults:2)
  Agnes (Snake:4)
  An azure jelly (Slime:3)
  A centaur warrior (Vaults:2)
  A harpy (Vaults:2)
  3 shining eyes
  A black mamba (Snake:4)
  2 slime creatures
  A naga (Snake:4)
  An orc (D:4)
13 creatures vanquished.

Vanquished Creatures (others)
  A deep elf death mage (Vaults:4)
  A two-headed ogre (Vaults:5)
  A vampire mage (Zig:7)
  A deep elf mage (Vaults:4)
  A hell hound (Volcano)
  A slave (D:4)
  Natasha (D:4)
  An orc wizard (D:4)
  2 orcs (D:4)
  A fungus (Lair:6)
  4 plants
  18 spectral weapons
33 creatures vanquished.

Grand Total: 1778 creatures vanquished

Notes
Turn   | Place    | Note
-------+----------+-------------------------------------------
     0 | D:1      | Lavandula the Deep Dwarf Transmuter began the quest for the Orb.
     0 | D:1      | Reached XP level 1. HP: 16/16 MP: 3/3
    84 | D:2      | Reached XP level 2. HP: 21/24 MP: 2/4
    84 | D:2      | Reached XP level 3. HP: 26/30 MP: 2/5
   185 | D:3      | Learned a level 2 spell: Sticks to Snakes
   195 | D:3      | Noticed Wabnappa's ghost (amateur DsGl)
   422 | D:2      | Learned a level 3 spell: Spider Form
   535 | D:3      | Noticed Sigmund
   546 | D:3      | Found a basalt altar of Yredelemnul.
   710 | D:4      | Noticed a phantom
   779 | D:4      | Killed a phantom
   779 | D:4      | Reached XP level 4. HP: 13/37 MP: 1/9
   779 | D:4      | Reached XP level 5. HP: 16/43 MP: 1/10
   792 | D:4      | Noticed a water moccasin
   818 | D:4      | Killed a water moccasin
   818 | D:4      | Reached skill level 5 in Unarmed Combat
   818 | D:4      | Reached XP level 6. HP: 34/50 MP: 1/11
   932 | D:4      | Noticed Natasha
   983 | D:4      | Killed Natasha
  1033 | D:4      | Noticed Pikel
  1033 | D:4      | Noticed a slave
  1033 | D:4      | Noticed a slave
  1033 | D:4      | Noticed a slave
  1034 | D:4      | Noticed a slave
  1049 | D:4      | Killed Pikel
  1049 | D:4      | Reached XP level 7. HP: 42/56 MP: 3/12
  1092 | D:4      | Noticed Natasha
  1098 | D:4      | Killed Natasha
  1104 | D:4      | You fall through a shaft!
  1104 | D:5      | Entered Level 5 of the Dungeon
  1112 | D:5      | Found a staircase to the Ecumenical Temple.
  1118 | Temple   | Entered the Ecumenical Temple
  1199 | D:5      | Found a snail-covered altar of Cheibriados.
  1279 | D:5      | Noticed Dowan
  1280 | D:5      | Noticed Duvessa
  1287 | D:5      | Killed Dowan
  1287 | D:5      | Reached XP level 8. HP: 49/63 MP: 3/13
  1294 | D:5      | Killed Duvessa
  1306 | D:5      | Found an iron altar of Okawaru.
  1430 | D:5      | Got a translucent turquoise ring
  1432 | D:5      | Identified the ring "Bijes" {rPois AC+5} (You found it on level 5 of the Dungeon)
  1581 | D:5      | Noticed Prince Ribbit
  1599 | D:5      | Killed Prince Ribbit
  1609 | D:5      | Noticed Edmund
  1625 | D:5      | Killed Edmund
  1636 | D:6      | Reached skill level 10 in Unarmed Combat
  1647 | D:6      | Reached skill level 1 in Fighting
  1734 | D:6      | Gained mutation: You passively map the area around you. [Deep Dwarf growth]
  1734 | D:6      | Reached XP level 9. HP: 50/76 MP: 2/13
  1896 | D:6      | Found a sand-covered staircase.
  1900 | Ossuary  | Entered an ossuary
  2187 | D:6      | Noticed Blork the orc
  2194 | D:6      | Killed Blork the orc
  2194 | D:6      | Reached skill level 5 in Dodging
  2344 | D:4      | Killed Natasha
  2534 | D:6      | Noticed Grinder
  2540 | D:6      | Killed Grinder
  2693 | D:6      | Reached skill level 5 in Fighting
  2899 | D:6      | Found a glowing golden altar of the Shining One.
  3134 | D:7      | Reached XP level 10. HP: 49/91 MP: 6/14
  3276 | D:7      | Noticed a cyclops
  3297 | D:7      | Killed a cyclops
  3331 | D:7      | Got a bronze ring mail
  3342 | D:7      | Identified the +1 ring mail "Roshruitu" {Str+10 Dex-3 Stlth+} (You found it on level 7 of the Dungeon)
  3353 | D:7      | Got a twisted halberd
  3354 | D:7      | Identified the +4 halberd of Byceret {drain, rC+} (You found it on level 7 of the Dungeon)
  3356 | D:7      | Got a twisted long sword
  3357 | D:7      | Identified the cursed +0 long sword "Tanunufo" {drain, rF+} (You found it on level 7 of the Dungeon)
  3361 | D:7      | Got a faintly humming chain mail
  3372 | D:7      | Identified the +6 chain mail of Lilacs {Regen+ rCorr Dex+2} (You found it on level 7 of the Dungeon)
  3372 | D:7      | Identified the Grimoire of Frigorific Intoxication
  3821 | D:8      | Learned a level 4 spell: Ice Form
  3827 | D:8      | Learned a level 5 spell: Blade Hands
  3829 | D:8      | Noticed a two-headed ogre
  3837 | D:8      | Killed a two-headed ogre
  4111 | D:8      | Noticed a two-headed ogre
  4145 | D:8      | Killed a two-headed ogre
  4145 | D:8      | Reached skill level 10 in Evocations
  4309 | D:8      | Noticed a two-headed ogre
  4323 | D:8      | Killed a two-headed ogre
  4323 | D:8      | Reached XP level 11. HP: 65/102 MP: 14/17
  4337 | D:8      | Noticed a two-headed ogre
  4350 | D:8      | Killed a two-headed ogre
  4358 | D:8      | Noticed Gastronok
  4378 | D:8      | Killed Gastronok
  4378 | D:8      | Reached skill level 5 in Transmutations
  4379 | D:8      | Found a sparkling altar of Nemelex Xobeh.
  4386 | D:8      | Found a shattered altar of Ashenzari.
  4386 | D:8      | Found a glowing golden altar of the Shining One.
  4388 | D:8      | Found a hazy altar of Hepliaklqana.
  4390 | D:8      | Found a shimmering altar of Xom.
  4390 | D:8      | Found a sacrificial altar of Ru.
  4391 | D:8      | Found a blossoming altar of Fedhas.
  4546 | D:8      | Found a burning altar of Makhleb.
  4546 | D:8      | Found a radiant altar of Vehumet.
  4555 | D:8      | Became a worshipper of Makhleb the Destroyer
  4901 | D:9      | Learned a level 3 spell: Vampiric Draining
  4920 | D:9      | Noticed a two-headed ogre
  4942 | D:9      | Reached skill level 1 in Necromancy
  4954 | D:9      | Killed a two-headed ogre
  5145 | D:9      | Got a fabulously ornate robe
  5175 | D:9      | Identified the +1 robe of Makhleb's Generosity {rF- rN++ Dex+5 Stlth-} (You found it on level 9 of the Dungeon)
  5327 | D:10     | Entered Level 10 of the Dungeon
  5356 | D:10     | Reached * piety under Makhleb
  5372 | D:10     | Reached skill level 5 in Necromancy
  5581 | D:10     | Noticed a two-headed ogre
  5594 | D:10     | Killed a two-headed ogre
  5617 | D:10     | Found a staircase to the Lair.
  5621 | D:10     | Reached skill level 5 in Spellcasting
  5689 | D:10     | Noticed a two-headed ogre
  5708 | D:10     | Killed a two-headed ogre
  5791 | D:10     | Reached XP level 12. HP: 86/110 MP: 18/18
  5842 | D:10     | Reached ** piety under Makhleb
  6089 | D:11     | Found a staircase to the Orcish Mines.
  6134 | D:11     | Learned a level 5 spell: Borgnjor's Vile Clutch
  6136 | Orc:1    | Entered Level 1 of the Orcish Mines
  6511 | Orc:1    | Reached *** piety under Makhleb
  6626 | Orc:1    | Noticed an orc high priest
  6660 | Orc:1    | Killed an orc high priest
  6716 | Orc:1    | Learned a level 4 spell: Summon Lightning Spire
  6717 | Orc:2    | Entered Level 2 of the Orcish Mines
  6746 | Orc:2    | Reached skill level 1 in Earth Magic
  6753 | Orc:2    | Found a roughly hewn altar of Beogh.
  6778 | Orc:2    | Found Cucsamef's Antique Weapon Shop.
  6850 | Orc:2    | Noticed Snorg
  6864 | Orc:2    | Killed Snorg
  6925 | Orc:2    | Found a roughly hewn altar of Beogh.
  6941 | Orc:2    | Found Taadghe's Jewellery Shoppe.
  6946 | Orc:2    | Reached skill level 5 in Earth Magic
  6992 | Orc:2    | Found a roughly hewn altar of Beogh.
  7111 | Orc:2    | Reached **** piety under Makhleb
  7121 | Orc:2    | Found a staircase to the Elven Halls.
  7153 | Orc:2    | Found a roughly hewn altar of Beogh.
  7192 | Orc:2    | Noticed Rupert
  7195 | Orc:2    | Paralysed by Rupert for 4 turns
  7288 | Orc:2    | Reached skill level 1 in Invocations
  7392 | Orc:2    | Noticed an orc high priest
  7393 | Orc:2    | Noticed an orc warlord
  7422 | Orc:2    | Killed an orc warlord
  7444 | Orc:2    | Killed an orc high priest
  7488 | Orc:2    | Found Mebbuh's Antique Armour Boutique.
  7489 | Orc:2    | Found a roughly hewn altar of Beogh.
  7492 | Orc:2    | Found Xoejy's Antique Weapon Shop.
  7507 | Orc:2    | Bought an embroidered scarf for 248 gold pieces
  7560 | Orc:2    | Found a roughly hewn altar of Beogh.
  7649 | Orc:2    | Reached skill level 1 in Axes
  7745 | Orc:2    | Bought the ring of Xom's Passing Interest {-Tele rF++ rN+ MR++} for 662 gold pieces
  7909 | Lair:1   | Entered Level 1 of the Lair of Beasts
  7918 | Lair:1   | Reached skill level 2 in Axes
  8061 | Lair:1   | Reached skill level 3 in Axes
  8063 | Lair:1   | Reached XP level 13. HP: 117/117 MP: 5/22
  8089 | Lair:2   | Reached skill level 4 in Axes
  8124 | Lair:2   | Reached ***** piety under Makhleb
  8125 | Lair:2   | Reached skill level 5 in Axes
  8190 | Lair:3   | Noticed Harold
  8206 | Lair:3   | Killed Harold
  8212 | Lair:3   | Reached skill level 6 in Axes
  8290 | Lair:3   | Identified the Grimoire of Hurtful Poison
  8349 | Lair:2   | Reached skill level 7 in Axes
  8457 | Lair:4   | Reached skill level 8 in Axes
  8504 | Lair:4   | Gained mutation: You are partially covered in icy blue scales. (AC +2) [potion of mutation]
  8504 | Lair:4   | Gained mutation: You tend to lose your temper in combat. [potion of mutation]
  8504 | Lair:4   | Gained mutation: You are covered in fur. (AC +1) [potion of mutation]
  8505 | Lair:4   | Lost mutation: You tend to lose your temper in combat. [potion of mutation]
  8505 | Lair:4   | Lost mutation: You are covered in fur. (AC +1) [potion of mutation]
  8505 | Lair:4   | Lost mutation: You are partially covered in icy blue scales. (AC +2) [potion of mutation]
  8505 | Lair:4   | Gained mutation: You are covered in fur. (AC +1) [potion of mutation]
  8505 | Lair:4   | Gained mutation: You are covered in thick fur. (AC +2) [potion of mutation]
  8594 | Lair:4   | Reached skill level 9 in Axes
  8796 | Lair:5   | Found a dark tunnel.
  8807 | Volcano  | Entered a volcano
  8879 | Volcano  | Reached skill level 10 in Axes
  9125 | Lair:5   | Found a staircase to the Slime Pits.
  9195 | Lair:5   | Reached skill level 11 in Axes
  9299 | Lair:6   | Entered Level 6 of the Lair of Beasts
  9308 | Lair:6   | Reached skill level 1 in Armour
  9487 | Lair:6   | Reached skill level 5 in Armour
  9488 | Lair:6   | Gained mutation: You resist negative energy. (rN+) [Deep Dwarf growth]
  9488 | Lair:6   | Reached XP level 14. HP: 117/124 MP: 7/23
  9597 | Lair:6   | Noticed Lavandula's ghost (journeyman DDTm)
  9699 | Lair:6   | Reached skill level 12 in Axes
  9847 | Lair:6   | Reached ****** piety under Makhleb
  9889 | Lair:6   | Found a large runed door.
  9890 | Lair:6   | Found a large runed door.
  9936 | Lair:6   | Reached skill level 13 in Axes
 10167 | Lair:4   | Noticed an entropy weaver
 10177 | Lair:4   | Noticed an entropy weaver
 10205 | Lair:4   | Killed an entropy weaver
 10205 | Lair:4   | Reached skill level 14 in Axes
 10210 | Lair:4   | Killed an entropy weaver
 10845 | Lair:2   | Learned a level 3 spell: Spectral Weapon
 10928 | Lair:2   | Found a staircase to the Snake Pit.
 10940 | Lair:2   | Found a staircase to the Swamp.
 10959 | Swamp:1  | Entered Level 1 of the Swamp
 10990 | Swamp:1  | Paralysed by a hornet for 2 turns
 11351 | Swamp:2  | Reached XP level 15. HP: 94/132 MP: 21/25
 11382 | Swamp:2  | Reached skill level 1 in Charms
 11392 | Swamp:2  | Found a frozen archway.
 11422 | IceCv    | Entered an ice cave
 11658 | IceCv    | Noticed an Ice Fiend
 11661 | IceCv    | Reached skill level 1 in Hexes
 11666 | IceCv    | Killed an Ice Fiend
 11713 | IceCv    | Learned a level 2 spell: Shroud of Golubria
 11886 | Swamp:4  | Entered Level 4 of the Swamp
 11897 | Swamp:4  | Reached skill level 15 in Axes
 12123 | Swamp:4  | Noticed a thorn hunter
 12136 | Swamp:4  | Killed a thorn hunter
 12337 | Swamp:4  | Reached skill level 16 in Axes
 12391 | Swamp:4  | Noticed a thorn hunter
 12399 | Swamp:4  | Killed a thorn hunter
 12495 | Swamp:4  | Noticed a thorn hunter
 12501 | Swamp:4  | Killed a thorn hunter
 12501 | Swamp:4  | Reached skill level 17 in Axes
 12623 | Swamp:4  | Got a decaying rune of Zot
 12838 | Snake:1  | Entered Level 1 of the Snake Pit
 13160 | Snake:2  | Reached XP level 16. HP: 120/139 MP: 26/26
 13166 | Snake:2  | Identified a scroll of acquirement
 13183 | Snake:3  | Found Naulowoi's Antique Armour Shop.
 13195 | Snake:3  | Bought a smelly ring mail for 396 gold pieces
 13195 | Snake:3  | Identified the cursed +0 ring mail of Imperfection {rElec rF+ rC+ Str+8} (You bought it in a shop on level 3 of the Snake Pit)
 13339 | Snake:4  | Entered Level 4 of the Snake Pit
 13339 | Snake:4  | Noticed Agnes
 13351 | Snake:4  | Killed Agnes
 13521 | Snake:4  | Reached skill level 10 in Fighting
 13622 | Snake:4  | Reached skill level 10 in Dodging
 13652 | Snake:4  | Reached skill level 18 in Axes
 13683 | Snake:4  | Got a serpentine rune of Zot
 13952 | Snake:2  | Reached XP level 17. HP: 101/153 MP: 21/27
 14203 | Slime:1  | Entered Level 1 of the Pits of Slime
 14219 | Slime:1  | Gained mutation: You are dopey. (Int -2) [a shining eye]
 14227 | Slime:1  | Reached skill level 1 in Summonings
 14242 | Slime:3  | Noticed an acid blob
 14248 | Slime:3  | Killed an acid blob
 14265 | Slime:3  | Gained mutation: You expend magic power (3 MP) to strengthen your wands. [a shining eye]
 14280 | Slime:4  | Noticed Dissolution
 14303 | Slime:3  | Noticed an acid blob
 14303 | Slime:3  | Noticed an acid blob
 14314 | Slime:3  | Killed an acid blob
 14314 | Slime:3  | Reached skill level 5 in Summonings
 14359 | Slime:3  | Gained mutation: You are frail. (-10% HP) [a shining eye]
 14361 | Slime:3  | Gained mutation: Your magical capacity is low. (-10% MP) [a shining eye]
 14430 | Slime:4  | Gained mutation: Armour fits poorly on your strangely shaped body. [a shining eye]
 14437 | Slime:3  | Killed Dissolution
 14458 | Slime:5  | Entered Level 5 of the Pits of Slime
 14458 | Slime:5  | Noticed an acid blob
 14458 | Slime:5  | Noticed an acid blob
 14467 | Slime:5  | Noticed an acid blob
 14517 | Slime:4  | Gained mutation: You are very frail. (-20% HP) [a shining eye]
 14526 | Slime:4  | Noticed an acid blob
 14545 | Slime:3  | Killed an acid blob
 14883 | D:11     | Found a radiant altar of Vehumet.
 15046 | D:12     | Noticed P0WERM0DE's ghost (journeyman DDFi)
 15058 | D:12     | Killed P0WERM0DE's ghost
 15058 | D:12     | Reached skill level 1 in Air Magic
 15159 | D:12     | Found a runed door.
 15263 | D:13     | Found a gate to the Vaults.
 15288 | Vaults:1 | Entered Level 1 of the Vaults
 15667 | Vaults:2 | HP: 4/122 [very large slime creature (47)]
 15758 | Vaults:2 | Reached skill level 5 in Air Magic
 15855 | Vaults:2 | Gained mutation: You passively map a large area around you. [Deep Dwarf growth]
 15855 | Vaults:2 | Reached XP level 18. HP: 128/128 MP: 20/20
 15936 | Vaults:2 | Noticed Xtahua
 15955 | Vaults:2 | Killed Xtahua
 16319 | Vaults:2 | Noticed Jory
 16378 | Vaults:2 | Killed Jory
 16655 | Vaults:3 | Reached skill level 10 in Armour
 16742 | Vaults:3 | Found Vuojy's Weapon Boutique.
 17047 | Vaults:3 | Found a staircase to the Crypt.
 17064 | Crypt:1  | Entered Level 1 of the Crypt
 17324 | Crypt:1  | Reached skill level 19 in Axes
 17512 | Crypt:3  | Entered Level 3 of the Crypt
 17709 | Crypt:3  | Reached XP level 19. HP: 136/136 MP: 20/20
 17798 | Crypt:3  | Found a basalt altar of Yredelemnul.
 17821 | Crypt:3  | Reached skill level 20 in Axes
 18035 | Crypt:3  | Noticed a profane servitor
 18053 | Crypt:3  | Killed a profane servitor
 18064 | Crypt:3  | Identified the +7 battleaxe of Bloody Death {holy, rC+} (You found it on level 3 of the Crypt)
 18119 | Crypt:3  | Identified the ring "Ariedgho" {rC+ rN+ Int+5} (You found it on level 3 of the Crypt)
 18120 | Crypt:3  | Identified the ring of Titec Xiqu {rC+ rN+ Str+3 Int+2} (You found it on level 3 of the Crypt)
 18121 | Crypt:3  | Identified the ring of the Enemy {+Blink rElec rC+++ rN+ Int+4 Stlth-} (You found it on level 3 of the Crypt)
 18252 | Crypt:3  | Identified the amulet "Gougorr" {*Drain +Inv rPois MR+++ Regen+} (You found it on level 3 of the Crypt)
 18315 | Crypt:3  | Found a staircase to the Tomb.
 18315 | Crypt:3  | Noticed an ancient lich
 18326 | Crypt:3  | Killed an ancient lich
 18366 | Crypt:3  | Lost mutation: You are very frail. (-20% HP) [potion of mutation]
 18366 | Crypt:3  | Lost mutation: You are dopey. (Int -2) [potion of mutation]
 18366 | Crypt:3  | Lost mutation: Your magical capacity is low. (-10% MP) [potion of mutation]
 18366 | Crypt:3  | Lost mutation: Armour fits poorly on your strangely shaped body. [potion of mutation]
 18366 | Crypt:3  | Gained mutation: Armour fits poorly on your strangely shaped body. [potion of mutation]
 18366 | Crypt:3  | Gained mutation: You are very frail. (-20% HP) [potion of mutation]
 18366 | Crypt:3  | Gained mutation: Your thick and shaggy fur keeps you warm. (AC +3, rC+) [potion of mutation]
 18439 | Crypt:3  | Noticed a bone dragon
 18451 | Crypt:3  | Killed a bone dragon
 18493 | Crypt:3  | Learned a level 6 spell: Statue Form
 18500 | Crypt:3  | Learned a level 6 spell: Iron Shot
 19193 | Vaults:4 | Reached XP level 20. HP: 149/149 MP: 23/23
 19247 | Vaults:4 | Reached skill level 10 in Earth Magic
 19783 | Vaults:5 | Entered Level 5 of the Vaults
 19790 | Vaults:5 | Reached skill level 10 in Transmutations
 19832 | Vaults:5 | Noticed an ancient lich
 19923 | Vaults:5 | Found the +0 Maxwell's etheric cage {RegenMP+ *Contam rElec MP+4}
 19944 | Vaults:5 | Reached XP level 21. HP: 155/155 MP: 16/23
 20032 | Vaults:5 | Reached skill level 15 in Earth Magic
 20241 | Vaults:5 | Reached skill level 15 in Evocations
 20362 | Vaults:5 | Noticed an ancient lich
 20492 | Vaults:5 | Killed an ancient lich
 20585 | Vaults:5 | Identified the Tome of Poisoning and Earth
 20592 | Vaults:5 | Got a silver rune of Zot
 20605 | Vaults:5 | Learned a level 2 spell: Blink
 20610 | Vaults:5 | Learned a level 4 spell: Passage of Golubria
 20685 | Vaults:5 | Found Moshiwk's Jewellery Shop.
 20690 | Vaults:5 | Reached skill level 1 in Translocations
 20768 | Vaults:5 | Noticed an ancient lich
 20782 | Vaults:5 | Killed an ancient lich
 20782 | Vaults:5 | Reached skill level 5 in Translocations
 20794 | Vaults:5 | Lost mutation: Your thick and shaggy fur keeps you warm. (AC +3, rC+) [potion of mutation]
 20794 | Vaults:5 | Lost mutation: You are covered in thick fur. (AC +2) [potion of mutation]
 20794 | Vaults:5 | Lost mutation: You are very frail. (-20% HP) [potion of mutation]
 20794 | Vaults:5 | Gained mutation: You are resistant to hostile enchantments. (MR+) [potion of mutation]
 20794 | Vaults:5 | Gained mutation: You are partially covered in rugged brown scales. (AC +1, +3% HP) [potion of mutation]
 20794 | Vaults:5 | Gained mutation: You are partially covered in iridescent scales. (AC +2) [potion of mutation]
 20869 | Vaults:5 | Identified the Disquisition on Changing
 21048 | Vaults:2 | Noticed Gargoyl's ghost (adept CeAK)
 21063 | Vaults:2 | Killed Gargoyl's ghost
 21081 | Vaults:1 | Reached skill level 10 in Spellcasting
 21499 | Slime:5  | Reached XP level 22. HP: 187/187 MP: 17/23
 21541 | Slime:5  | Learned a level 5 spell: Irradiate
 21567 | Slime:5  | Found a viscous altar of Jiyva.
 21568 | Slime:5  | Noticed the Royal Jelly
 21588 | Slime:5  | Reached skill level 1 in Conjurations
 21652 | Slime:5  | Killed the Royal Jelly
 21652 | Slime:5  | Reached skill level 5 in Conjurations
 21748 | Slime:5  | Identified the Reference Book on Enthralling Cold
 21755 | Slime:5  | Identified the +7 battleaxe "Lerphasm" {speed, *Drain rC+ MR+ Int+5} (You found it on level 5 of the Pits of Slime)
 21781 | Slime:5  | Got a slimy rune of Zot
 21783 | Slime:5  | Identified the ring of Wuhurr {*Corrode +Inv Dex-4 SInv Stlth-} (You found it on level 5 of the Pits of Slime)
 21787 | Slime:5  | Found the +12 glaive of Prune {chop}
 22498 | D:15     | Entered Level 15 of the Dungeon
 22517 | D:15     | Found Vijaidgh's Armour Shoppe.
 22613 | D:15     | Found Fehiseh's Antique Weapon Emporium.
 22670 | D:15     | Found Nipsueka's Antique Armour Boutique.
 22678 | D:15     | Bought a translucent helmet for 294 gold pieces
 22690 | D:15     | Identified the +0 helmet of Nuima {*Slow rC+ Int+4} (You bought it in a shop on level 15 of the Dungeon)
 22696 | D:15     | Bought a colourful robe for 176 gold pieces
 22696 | D:15     | Bought a pair of embroidered boots for 232 gold pieces
 22696 | D:15     | Identified the +3 robe of Ushrowuer {rN+ Stlth+} (You bought it in a shop on level 15 of the Dungeon)
 22756 | D:15     | Found a staircase to the Depths.
 22788 | Depths:1 | Entered Level 1 of the Depths
 22814 | Depths:1 | Noticed Nikola
 22822 | Depths:1 | Killed Nikola
 23055 | Depths:2 | Found a gateway to a ziggurat.
 23056 | Depths:2 | Found a gateway to Hell.
 23136 | Depths:2 | Found a one-way gate leading to the halls of Pandemonium.
 23163 | Depths:2 | Learned a level 7 spell: Spellforged Servitor
 23173 | Zig:1    | Entered Level 1 of a ziggurat
 23199 | Zig:2    | Entered Level 2 of a ziggurat
 23202 | Zig:2    | Reached skill level 1 in Stealth
 23214 | Zig:3    | Entered Level 3 of a ziggurat
 23242 | Zig:4    | Entered Level 4 of a ziggurat
 23286 | Zig:5    | Entered Level 5 of a ziggurat
 23321 | Zig:6    | Entered Level 6 of a ziggurat
 23337 | Zig:6    | Reached skill level 5 in Stealth
 23342 | Zig:6    | Reached XP level 23. HP: 195/195 MP: 26/26
 23360 | Zig:6    | Identified Sif Muna's Handbook of Sinister Attacks
 23368 | Zig:7    | Entered Level 7 of a ziggurat
 23402 | Zig:7    | Mangled by a reaper

Skill      XL: |  1  2  3  4  5  6  7  8  9 10 11 12 13 14 15 16 17 18 19 20 21 22 23 |
---------------+----------------------------------------------------------------------+-----
Unarmed Combat | 3 5 7 8 10 | 10.0
Spellcasting   | 3 6 8 9 10 13 | 13.4
Fighting       | 3 6 7 10 13 | 13.0
Dodging        | 7 11 | 11.0
Transmutations | 4 6 7 11 | 11.6
Evocations     | 11 12 16 | 16.1
Necromancy     | 6 9 |  9.8
Earth Magic    | 6 9 13 15 | 15.0
Invocations    | 7 |  7.3
Axes           | 3 11 14 17 18 19 20 | 20.1
Armour         | 5 12 | 12.0
Charms         | 3 |  3.1
Hexes          | 3 |  3.1
Summonings     | 8 |  8.4
Air Magic      | 5 |  5.9
Translocations | 6 |  6.2
Conjurations   | 6 |  6.3
Stealth        | 5 7 |  7.6

Action                   |  1- 3 |  4- 6 |  7- 9 | 10-12 | 13-15 | 16-18 | 19-21 | 22-24 || total
-------------------------+-------+-------+-------+-------+-------+-------+-------+-------++-------
Melee: Unarmed           |   116 |    78 |   316 |   721 |    12 |       |       |     6 ||  1249
       Kick              |     9 |     1 |     2 |       |       |       |       |       ||    12
       Headbutt          |     4 |       |     2 |       |     5 |     8 |       |       ||    19
       Punch             |     2 |     1 |     1 |     6 |       |       |       |       ||    10
       Battleaxe         |       |       |       |    44 |   862 |  1075 |   984 |   502 ||  3467
Throw: Javelin           |       |       |       |       |    26 |       |     2 |     3 ||    31
 Cast: Beastly Appendage |    13 |     1 |     4 |     2 |     3 |     2 |       |       ||    25
       Spider Form       |     4 |     5 |    39 |    65 |       |       |       |       ||   113
       Sticks to Snakes  |     3 |     1 |       |       |       |       |       |       ||     4
       Vampiric Draining |       |       |       |    72 |    85 |    57 |    42 |     2 ||   258
       Ice Form          |       |       |       |     5 |     2 |       |       |       ||     7
       Blade Hands       |       |       |       |     4 |       |       |       |       ||     4
       Borgnjor's Vile C |       |       |       |     7 |   117 |    11 |     2 |       ||   137
       Spectral Weapon   |       |       |       |       |     3 |     6 |    20 |     4 ||    33
       Shroud of Golubri |       |       |       |       |       |     7 |    17 |     1 ||    25
       Summon Lightning  |       |       |       |       |       |     2 |     3 |     1 ||     6
       Statue Form       |       |       |       |       |       |       |    21 |     9 ||    30
       Blink             |       |       |       |       |       |       |     1 |    11 ||    12
       Irradiate         |       |       |       |       |       |       |       |     4 ||     4
       Iron Shot         |       |       |       |       |       |       |       |     1 ||     1
Invok: Lesser Servant of |       |       |       |     4 |       |     7 |       |       ||    11
       Greater Servant o |       |       |       |       |       |     4 |       |       ||     4
 Abil: Heal Wounds       |     2 |     6 |     7 |     9 |     3 |    18 |    11 |     4 ||    60
       End Transformatio |       |       |       |     1 |       |       |     2 |     4 ||     7
Evoke: Wand              |       |       |       |    19 |     9 |     1 |     1 |     4 ||    34
       Lightning rod     |       |       |       |       |       |     6 |       |     4 ||    10
       Phantom mirror    |       |       |       |       |       |     1 |     1 |       ||     2
       Lamp of fire      |       |       |       |       |       |     1 |     3 |     2 ||     6
  Use: Potion            |       |     4 |     1 |     1 |     7 |    11 |     3 |     2 ||    29
       Scroll            |       |     3 |    12 |     5 |    20 |    19 |    19 |    21 ||    99
 Stab: Sleeping          |     1 |       |       |     4 |     8 |     4 |       |       ||    17
       Paralysed         |       |       |       |    29 |       |       |       |       ||    29
       Confused          |       |       |       |     1 |       |       |       |       ||     1
       Petrified         |       |       |       |       |     9 |       |       |       ||     9
       Distracted        |       |       |       |       |     1 |       |     1 |       ||     2
       Fleeing           |       |       |       |       |       |     2 |       |       ||     2
  Eat: Ration            |       |     1 |     1 |     4 |    10 |     3 |     2 |     1 ||    22
       Chunk             |       |       |     8 |    17 |    21 |    11 |    14 |     7 ||    78
Armor: Robe              |    18 |     4 |    16 |     2 |       |       |       |       ||    40
       Skin              |       |     9 |    32 |    57 |    58 |       |   238 |   222 ||   616
       Swamp dragon scal |       |       |     5 |     5 |       |    32 |       |       ||    42
       Ring mail         |       |       |       |     2 |       |       |       |       ||     2
       Leather armour    |       |       |       |    68 |   577 |   199 |       |       ||   844
       Fire dragon scale |       |       |       |       |       |   288 |   371 |   154 ||   813
       Acid dragon scale |       |       |       |       |       |    11 |       |       ||    11
Dodge: Dodged            |    59 |    44 |   192 |   716 |   989 |   792 |   724 |   481 ||  3997
